 Dungeon Crawl Stone Soup version 0.24-a0-378-g94936e539c (webtiles) character file.

Game seed: 11665425889735404667

16461 goulibeur the Fighter (level 12, -16/112 HPs)
             Began as a Minotaur Fighter on June 2, 2019.
             Was a High Priest of Trog.
             Demolished by a gargoyle
             ... wielding a +0 morningstar
              (17 damage)
             ... on level 12 of the Dungeon.
             The game lasted 00:42:14 (10343 turns).

goulibeur the Fighter (Minotaur Fighter)           Turns: 10343, Time: 00:42:14

Health: -16/112    AC: 20    Str: 22    XL:     12   Next: 10%
Magic:  11/11      EV: 10    Int:  5    God:    Trog [*****.]
Gold:   757        SH:  0    Dex: 14    Spells: 11/11 levels left

rFire    . . .     SeeInvis .   T - +5 great mace (drain)
rCold    . . .     Gourm    .   (shield currently unavailable)
rNeg     . . .     Faith    .   C - +1 plate armour {MR+}
rPois    .         Spirit   .   (helmet restricted)
rElec    .         Reflect  .   J - +2 cloak
rCorr    .         Harm     .   S - +0 pair of gloves
MR       +....                  (no boots)
Stlth    ..........             j - amulet of regeneration
HPRegen  0.68/turn              (no ring)
MPRegen  0.12/turn              (no ring)

@: lethally poisoned (-16 -> -16), about to teleport, berserk cooldown, slowed,
very slow
A: retaliatory headbutt, horns 2
a: Berserk, Trog's Hand, Brothers in Arms, Renounce Religion


You were on level 12 of the Dungeon.
You worshipped Trog.
Trog was extremely pleased with you.
You were very hungry.

You visited 2 branches of the dungeon, and saw 13 of its levels.
You also visited: Ossuary.

You collected 757 gold pieces.

Inventory:

Hand Weapons
 F - the +7 dagger "Dipomep" {venom, MR+}
   (You took it off an orc priest on level 10 of the Dungeon)

   It poisons the flesh of those it strikes.
   It affects your resistance to hostile enchantments.
 G - a +0 flail of crushing
 L - a +3 whip of freezing
 P - a +2 whip of electrocution
 R - a +0 antimagic flail
 T - a +5 great mace of draining (weapon)
 V - the +4 rapier of Royalism {drain, rN+ Str+8, unknown}
   (You found it on level 12 of the Dungeon)

   A truly terrible weapon, it drains the life of those it strikes.
   It affects your strength (+8).
   It protects you from negative energy.
Missiles
 e - 51 poisoned darts (quivered)
 g - 23 boomerangs
 t - 90 sling bullets
 z - 8 javelins
 H - 2 boomerangs of dispersal
 M - 7 curare-tipped darts
 Q - 8 silver javelins
Armour
 c - a +0 shield
 C - a +1 plate armour of magic resistance (worn)
 J - a +2 cloak (worn)
 S - a +0 pair of gloves (worn)
Jewellery
 a - a +4 amulet of reflection {unknown}
 j - an amulet of regeneration (around neck)
 n - an uncursed ring of ice
 x - an uncursed ring of flight
 A - an uncursed ring of ice
 D - an uncursed amulet of the acrobat {unknown}
Wands
 y - a wand of disintegration (14)
 B - a wand of scattershot (3)
 O - a wand of digging (5)
 U - a wand of random effects (13)
Scrolls
 h - 2 scrolls of teleportation
 i - 11 scrolls of remove curse
 k - a scroll of enchant armour
 q - 2 scrolls of fog
 s - 2 scrolls of enchant weapon
Potions
 b - a potion of resistance {unknown}
 d - a potion of might
 l - 10 potions of curing
 m - a potion of invisibility {unknown}
 o - 4 potions of degeneration {unknown}
 p - 2 potions of lignification {unknown}
 r - a potion of heal wounds
 u - 3 potions of agility {unknown}
 v - 3 potions of haste
 w - a potion of berserk rage {unknown}
 E - a potion of mutation {unknown}
 I - 2 potions of flight {unknown}
 K - a potion of brilliance {unknown}
 N - a potion of cancellation {unknown}
Comestibles
 f - 23 rations


   Skills:
 * Level 12.2 Fighting
 * Level 12.1 Maces & Flails
 + Level 6.9 Throwing
 + Level 9.2 Armour
 + Level 7.5 Dodging
 + Level 9.3 Shields


You had 11 spell levels left.
You didn't know any spells.
Your spell library was empty.

Dungeon Overview and Level Annotations

Branches:
Dungeon (12/15)            Temple (1/1) D:7            Lair (0/6) D:9
    Orc (0/2) D:10

Altars:
Ashenzari
Cheibriados
Dithmenos
Elyvilon
Fedhas
Gozag
Hepliaklqana
Kikubaaqudgha
Makhleb
Nemelex Xobeh
Okawaru
Qazlal
Ru
Sif Muna
Trog
Uskayaw
Vehumet
Wu Jian
Xom
Yredelemnul
Zin
The Shining One

Shops:
D:4 =


Innate Abilities, Weirdness & Mutations

You reflexively headbutt those who attack you in melee.
You have a pair of horns on your head.


Message History

The eight-headed hydra bites you but does no damage.
The eight-headed hydra barely misses you.
The eight-headed hydra bites you!
* * * LOW HITPOINT WARNING * * *
The eight-headed hydra bites you but does no damage. x2
The eight-headed hydra bites you.
* * * LOW HITPOINT WARNING * * *
The gargoyle barely misses you.
As you read the scroll of teleportation, it crumbles to dust.
You feel strangely unstable.
The eight-headed hydra bites you but does no damage. x2
The eight-headed hydra bites you.
* * * LOW HITPOINT WARNING * * *
The eight-headed hydra misses you. x2
The eight-headed hydra barely misses you.
The eight-headed hydra bites you.
* * * LOW HITPOINT WARNING * * *
The eight-headed hydra barely misses you.
The gargoyle hits you with a +0 morningstar!
You die...

### #######....
...##.....#....
..........?....
................
(.........).....
.............#
.............#
........@....####
.......9D.......#
^...............#
...##..........#
.. #)###...†..# .
#)# #....<.#
#.###......#
#..........#
#..##..........


You could see an eight-headed hydra and a gargoyle.

Vanquished Creatures
  A hydra (D:12)
  3 two-headed ogres
  Nergalle (D:11)
  Pikel (D:7)
  A manticore (D:11)
  Maurice (D:9)
  Psyche (D:9)
  2 gargoyles (D:11)
  A queen bee (D:9)
  A hornet (D:9)
  3 meliai (D:12)
  A troll (D:9)
  4 hippogriffs
  12 yaks
  A hungry ghost (D:11)
  2 steam dragons
  Menkaure (D:7)
  5 sky beasts
  7 orc warriors
  An ice beast (D:6)
  2 phantoms
  A necrophage (D:12)
  6 ogres
  An eye of draining (D:11)
  A crocodile (D:9)
  12 centaurs
  2 big kobolds
  4 bullfrogs
  A gnoll sergeant (D:6)
  4 water moccasin zombies
  3 scorpions
  19 killer bees
  4 wights (D:11)
  A howler monkey (D:12)
  7 crimson imps
  2 bullfrog zombies (D:7)
  2 quasits (D:8)
  A centaur zombie (D:5)
  3 hounds
  8 orc priests
  Crazy Yiuf (D:6)
  11 orc wizards
  A centaur skeleton (D:10)
  4 jellies
  3 bullfrog skeletons
  3 iguanas
  8 worker ants
  4 big kobold zombies (Ossuary)
  A hound skeleton (D:11)
  2 mummies (Ossuary)
  3 gnolls (D:6)
  9 adders
  A howler monkey skeleton (D:10)
  3 shadow imps
  3 oozes
  4 adder zombies (Ossuary)
  An adder skeleton (D:9)
  3 worms
  A dart slug (D:2)
  8 leopard geckos
  54 orcs
  3 giant cockroaches
  5 gnoll zombies (Ossuary)
  8 goblins
  4 hobgoblins
  8 jackals
  11 kobolds
  3 quokkas
  12 bats
  7 frilled lizards
  A hobgoblin zombie (Ossuary)
  6 kobold zombies (Ossuary)
  5 orc zombies (Ossuary)
  7 rats
342 creatures vanquished.

Vanquished Creatures (others)
  An orc (D:7)
1 creature vanquished.

Grand Total: 343 creatures vanquished

Notes
Turn   | Place    | Note
-------+----------+-------------------------------------------
     0 | D:1      | goulibeur the Minotaur Fighter began the quest for the Orb.
     0 | D:1      | Reached XP level 1. HP: 19/19 MP: 0/0
   260 | D:1      | Reached XP level 2. HP: 20/27 MP: 1/1
   823 | D:2      | Reached XP level 3. HP: 33/33 MP: 2/2
  1086 | D:2      | Found a deep blue altar of Sif Muna.
  1406 | D:2      | Reached skill level 1 in Throwing
  1624 | D:3      | Found a bloodstained altar of Trog.
  1635 | D:3      | Became a worshipper of Trog the Wrathful
  1681 | D:3      | Reached XP level 4. HP: 41/41 MP: 3/3
  1735 | D:3      | Reached skill level 1 in Dodging
  2285 | D:3      | Reached * piety under Trog
  2515 | D:4      | Reached XP level 5. HP: 47/47 MP: 4/4
  2518 | D:4      | Noticed a phantom
  2539 | D:4      | Killed a phantom
  2539 | D:4      | Reached skill level 5 in Fighting
  2572 | D:4      | Reached XP level 6. HP: 35/56 MP: 5/5
  2703 | D:4      | Found Fowoguqe's Jewellery Shop.
  2766 | D:4      | Reached skill level 5 in Maces & Flails
  2957 | D:4      | Reached XP level 7. HP: 62/62 MP: 6/6
  3224 | D:5      | Entered Level 5 of the Dungeon
  3383 | D:5      | Found a stormy altar of Qazlal.
  3427 | D:5      | Found a shadowy altar of Dithmenos.
  3427 | D:5      | Found a basalt altar of Yredelemnul.
  3725 | D:5      | Reached ** piety under Trog
  3725 | D:5      | Reached skill level 5 in Shields
  4014 | D:6      | Found a sacrificial altar of Ru.
  4015 | D:6      | Found a shimmering altar of Xom.
  4016 | D:6      | Found an ancient bone altar of Kikubaaqudgha.
  4017 | D:6      | Found a shattered altar of Ashenzari.
  4017 | D:6      | Found a burning altar of Makhleb.
  4054 | D:6      | Found a glowing golden altar of the Shining One.
  4123 | D:6      | Reached skill level 5 in Armour
  4207 | D:6      | Reached XP level 8. HP: 71/71 MP: 7/7
  4421 | D:6      | Found a shadowy altar of Dithmenos.
  4553 | D:6      | Found a runed translucent door.
  4554 | D:6      | Noticed Crazy Yiuf
  4576 | D:6      | Found a sparkling altar of Nemelex Xobeh.
  4691 | D:6      | Killed Crazy Yiuf
  4753 | D:7      | Noticed Pikel
  4785 | D:7      | Killed Pikel
  4937 | D:7      | Reached XP level 9. HP: 81/81 MP: 8/8
  4985 | D:7      | Noticed Menkaure
  4992 | D:7      | Killed Menkaure
  5136 | D:7      | Found a snail-covered altar of Cheibriados.
  5440 | D:7      | Found a staircase to the Ecumenical Temple.
  5528 | Temple   | Entered the Ecumenical Temple
  5826 | D:8      | Found a sand-covered staircase.
  5829 | D:8      | You fall into a shaft and drop 1 floor!
  5852 | D:9      | Noticed a two-headed ogre
  5890 | Ossuary  | Entered an ossuary
  5977 | Ossuary  | Reached *** piety under Trog
  6454 | D:8      | Reached **** piety under Trog
  6472 | D:8      | Reached skill level 5 in Dodging
  7206 | D:9      | Reached XP level 10. HP: 58/91 MP: 9/9
  7340 | D:9      | Found a staircase to the Lair.
  7365 | D:9      | Noticed Maurice
  7380 | D:9      | Killed Maurice
  7383 | D:9      | Received a gift from Trog
  7467 | D:9      | Killed a two-headed ogre
  7467 | D:9      | Reached skill level 5 in Throwing
  7555 | D:9      | Noticed a two-headed ogre
  7562 | D:9      | Reached skill level 10 in Fighting
  7591 | D:9      | Killed a two-headed ogre
  7591 | D:9      | Reached skill level 10 in Maces & Flails
  7604 | D:9      | Reached ***** piety under Trog
  7616 | D:9      | Paralysed by a hornet for 2 turns
  7625 | D:9      | Received a gift from Trog
  7745 | D:9      | Noticed Psyche
  7751 | D:9      | Killed Psyche
  7751 | D:9      | Reached XP level 11. HP: 101/101 MP: 10/10
  8018 | D:9      | Found an ornate altar of the Wu Jian Council.
  8459 | D:10     | Entered Level 10 of the Dungeon
  8603 | D:10     | Received a gift from Trog
  8807 | D:10     | Identified the +7 dagger "Dipomep" {venom, MR+}
  8810 | D:10     | Found a staircase to the Orcish Mines.
  9420 | D:10     | Received a gift from Trog
  9675 | D:11     | Noticed a two-headed ogre
  9695 | D:11     | Killed a two-headed ogre
  9808 | D:11     | Noticed Nergalle
  9815 | D:11     | Killed Nergalle
 10302 | D:12     | Noticed a four-headed hydra
 10304 | D:12     | Got a crystal rapier
 10313 | D:12     | Killed a four-headed hydra
 10313 | D:12     | Reached XP level 12. HP: 103/112 MP: 11/11
 10331 | D:12     | Noticed an eight-headed hydra
 10342 | D:12     | HP: 5/112 [eight-headed hydra (6)]
 10343 | D:12     | HP: 2/112 [eight-headed hydra (4)]
 10343 | D:12     | Demolished by a gargoyle

Levels and vault maps discovered:
D:1:      lemuel_arrival_funnel, layout_basic
D:2:      layout_rooms, lemuel_blue_sif_altar, first_ration,
          corexii_corridor_pit
D:3:      layout_basic, lemuel_round_altar, serial_aquarium,
          aquarium_bridge_square [aquarium_subvault_window,
          aquarium_subvault_window, aquarium_subvault_bridge,
          aquarium_subvault_bridge], aquarium_bridge_square
          [aquarium_subvault_bridge, aquarium_subvault_window,
          aquarium_subvault_balcony, aquarium_subvault_wall],
          aquarium_window_fake, aquarium_window_2, aquarium_view_2a,
          aquarium_view_2c, aquarium_balcony_3a
D:4:      layout_basic, serial_shops, shop
D:5:      layout_basic, lemuel_doored_altar, gammafunk_temple_overflow_elements
D:6:      layout_basic, grunt_temple_overflow_open, basic_altar,
          chequers_garden, nemelex_xobeh_ov_fountains_minmay,
          uniq_crazy_yiuf_cottage
D:7:      layout_basic, kennysheep_mini, minmay_temple_entry_fiery,
          uniq_menkaure, uniq_pikel
D:8:      layout_basic, special_room [special_room_orc], enter_ossuary_1
D:9:      layout_basic, lemuel_coloured_pillars_altar, lair_entry_dummy,
          david_nohive_1, uniq_psyche, uniq_maurice
D:10:     layout_loops_cross, erik_orc_4, grunt_ministairs_4
D:11:     layout_long_grid, uniq_nergalle
D:12:     layout_rooms, minmay_microvault
Temple:   chequers_temple_sunken

Skill      XL: |  1  2  3  4  5  6  7  8  9 10 11 |
---------------+----------------------------------+-----
Maces & Flails | 3 4 5 6 7 9 10 12 | 12.1
Fighting       | 4 5 6 7 9 10 12 | 12.2
Throwing       | 1 2 3 4 5 6 |  6.9
Dodging        | 1 2 3 4 5 6 7 |  7.5
Shields        | 4 5 6 7 8 9 |  9.3
Armour         | 4 5 6 7 8 9 |  9.2

Action                   |  1- 3 |  4- 6 |  7- 9 | 10-12 || total
-------------------------+-------+-------+-------+-------++-------
Melee: Flail             |    94 |   158 |   493 |   365 ||  1110
       Headbutt          |    15 |    25 |   117 |   106 ||   263
       Great mace        |       |       |       |   100 ||   100
Invok: Berserk           |       |     1 |     3 |     6 ||    10
  Use: Scroll            |     2 |     1 |    11 |     4 ||    18
       Potion            |       |       |       |     5 ||     5
  Eat: Chunk             |     2 |     6 |    11 |    19 ||    38
       Ration            |       |       |     1 |       ||     1
Armor: Scale mail        |    34 |     3 |       |       ||    37
       Chain mail        |       |    82 |    82 |       ||   164
       Plate armour      |       |       |   163 |   355 ||   518
Dodge: Dodged            |    20 |    40 |   150 |   188 ||   398
Block: Shield            |    49 |    97 |   285 |   216 ||   647

Table legend:
 A = Non-vault XP
 B = Vault XP
 C = Vault XP percentage of total XP
 D = Non-vault monster count
 E = Vault monster count
 F = Vault count percentage of total count
                 A         B        C        D         E       F
            +---------+---------+-------+---------+---------+-------
      Total |   17919 |    5598 |  23.8 |     247 |      95 |  27.8
            +---------+---------+-------+---------+---------+-------
        D:1 |      33 |       0 |   0.0 |      17 |       0 |   0.0
        D:2 |      56 |       0 |   0.0 |      19 |       0 |   0.0
        D:3 |      89 |       0 |   0.0 |      28 |       0 |   0.0
        D:4 |     689 |       0 |   0.0 |      21 |       0 |   0.0
        D:5 |     181 |       0 |   0.0 |       3 |       0 |   0.0
        D:6 |     667 |      42 |   5.9 |      16 |       1 |   5.9
        D:7 |     715 |     857 |  54.5 |      12 |       2 |  14.3
        D:8 |    1189 |     484 |  28.9 |      22 |      25 |  53.2
        D:9 |    3776 |    2201 |  36.8 |      34 |      18 |  34.6
       D:10 |    2779 |     805 |  22.5 |      26 |      18 |  40.9
       D:11 |    5298 |     792 |  13.0 |      40 |       1 |   2.4
       D:12 |    2447 |       0 |   0.0 |       9 |       0 |   0.0
    Ossuary |       0 |     417 | 100.0 |       0 |      30 | 100.0
            +---------+---------+-------+---------+---------+-------
